 Dungeon Crawl Stone Soup version 0.23.2-40-g277498a001 (webtiles) character file.

Game seed: 8921097622341837764

67195 Htamos the Destroyer (level 14, -8/125 HPs)
             Began as a Centaur Earth Elementalist on Aug 24, 2019.
             Was a High Priest of Vehumet.
             Killed from afar by a guardian serpent (27 damage)
             ... with a bolt of poison
             ... on level 6 of the Lair of Beasts on Aug 25, 2019.
             The game lasted 01:58:33 (43941 turns).

Htamos the Destroyer (Centaur Earth Elementalist)  Turns: 43941, Time: 01:58:34

Health: -8/125     AC: 13    Str: 12    XL:     14   Next: 82%
Magic:  18/29      EV:  8    Int: 22    God:    Vehumet [*****.]
Gold:   531        SH:  0    Dex: 10    Spells: 5/36 levels left

rFire    . . .     SeeInvis .   G - +5 longbow
rCold    . . .     Gourm    .   (shield currently unavailable)
rNeg     . . .     Faith    .   D - +5 ring mail
rPois    .         Spirit   .   (no helmet)
rElec    .         Reflect  .   (no cloak)
rCorr    .         Harm     .   l - +2 pair of gloves
MR       +....                  (no barding)
Stlth    ..........             T - amulet of magic regeneration
HPRegen  0.30/turn              y - ring of wizardry
MPRegen  0.46/turn              J - +4 ring of intelligence

@: lethally poisoned (-8 -> -11), slowed
A: large, hooves 3, deformed body, speed 2, tough skin 3
a: Renounce Religion


You were on level 6 of the Lair of Beasts.
You worshipped Vehumet.
Vehumet was extremely pleased with you.
You were very hungry.

You visited 3 branches of the dungeon, and saw 22 of its levels.

You collected 1206 gold pieces.
You spent 675 gold pieces at shops.

Inventory:

Hand Weapons
 g - a +0 blowgun
 k - the +5 quarterstaff "Zut Zuo" {flame, MP+9 Str+3 SInv}
   (You found it on level 3 of the Lair of Beasts)

   It has been specially enchanted to burn those struck by it, causing extra
   injury to most foes and up to half again as much damage against particularly
   susceptible opponents.
   It affects your strength (+3).
   It affects your magic capacity (+9).
   It lets you see invisible.
 B - the +6 dire flail of the Open Hand {freeze, Str-2 Int+4 Dex+4}
   (You found it on level 4 of the Lair of Beasts)

   It has been specially enchanted to freeze those struck by it, causing extra
   injury to most foes and up to half again as much damage against particularly
   susceptible opponents.
   It can also slow down cold-blooded creatures.
   It affects your strength (-2).
   It affects your intelligence (+4).
   It affects your dexterity (+4).
 G - a +5 longbow (weapon)
 O - a +0 hand axe of flaming
 S - the +2 hand axe of Upheaval {venom, Str+7}
   (You found it on level 13 of the Dungeon)

   It poisons the flesh of those it strikes.
   It affects your strength (+7).
Missiles
 f - 402 arrows (quivered)
 n - 67 bolts
 A - 81 poisoned needles
 C - 2 curare-tipped needles
 P - 33 stones
Armour
 l - a +2 pair of gloves (worn)
 D - a +5 ring mail (worn)
Magical Staves
 e - an uncursed staff of cold
Jewellery
 t - an uncursed amulet of rage
 y - a ring of wizardry (left hand)
 E - a +2 amulet of reflection
 J - a +4 ring of intelligence (right hand)
 T - an amulet of magic regeneration (around neck)
 V - an uncursed ring of flight
 Y - an uncursed ring of stealth {unknown}
Wands
 b - a wand of iceblast (8)
 i - a wand of enslavement (8)
 s - a wand of paralysis (21)
 x - a wand of acid (2)
 L - a wand of flame (37)
 U - a wand of digging (14)
 X - a wand of disintegration (18)
Scrolls
 h - 4 scrolls of remove curse
 q - 7 scrolls of immolation
 r - 2 scrolls of magic mapping
 u - a scroll of enchant armour
 v - 5 scrolls of amnesia
 K - 2 scrolls of fear
 R - a scroll of blinking
 W - a scroll of fog
Potions
 j - 7 potions of mutation
 m - 5 potions of degeneration
 o - 2 potions of cancellation
 p - a potion of heal wounds
 w - 2 potions of brilliance
 H - 2 potions of lignification
 I - a potion of might
 M - a potion of curing
 N - a potion of flight
 Q - a potion of agility
Miscellaneous
 a - a sack of spiders
 z - a fan of gales
Comestibles
 d - 23 rations


   Skills:
 - Level 11.8 Fighting
   Level 1.7 Polearms
 - Level 3.1 Bows
 - Level 1.4 Dodging
 - Level 1.1 Stealth
 * Level 11.7 Spellcasting
 - Level 13.6 Conjurations
 - Level 0.8 Transmutations
 - Level 9.9 Earth Magic


You had 5 spell levels left.
You knew the following spells:

 Your Spells              Type           Power        Failure   Level  Hunger
a - Magic Dart            Conj           ####         1%          1    None
b - Stone Arrow           Conj/Erth      ######       1%          3    None
c - Sandblast             Erth           ######       1%          1    None
d - Passwall              Tmut/Erth      #####...     1%          2    None
e - Petrify               Tmut/Erth      #####...     5%          4    None
f - Lee's Rapid Deconstr  Erth           ######....   1%          5    ####...
g - Sting                 Conj/Pois      ####         1%          1    None
h - Iron Shot             Conj/Erth      ######....   1%          6    #####..
i - Fulminant Prism       Conj/Hex       #####.....   1%          4    None
j - Olgreb's Toxic Radia  Pois           ##......     13%         4    None

Your spell library contained the following spells:

 Spells                   Type           Power        Failure   Level  Hunger
 Sticky Flame             Conj/Fire      #####...     1%          4    None
 Freeze                   Ice            ##..         1%          1    None
 Shock                    Conj/Air       ####         1%          1    None
 Throw Frost              Conj/Ice       #####.       1%          2    None
 Dazzling Spray           Conj/Hex       #####.       1%          3    None
 Static Discharge         Conj/Air       #####...     1%          3    None
 Throw Icicle             Conj/Ice       #####...     1%          4    None
 Bolt of Magma            Conj/Fire/Erth #####.....   1%          5    ####...
 Iskenderun's Battlesphe  Conj/Chrm      #####...     2%          5    ####...
 Lightning Bolt           Conj/Air       #####.....   2%          5    ####...
 Venom Bolt               Conj/Pois      #####.....   2%          5    ####...
 Beastly Appendage        Tmut           ###...       3%          1    None
 Ignite Poison            Fire/Tmut/Pois ##......     3%          3    None
 Confusing Touch          Hex            ##....       4%          1    None
 Corona                   Hex            ##.....      4%          1    None
 Summon Small Mammal      Summ           ##..         4%          1    None
 Sticks to Snakes         Tmut           ###.....     4%          2    None
 Call Imp                 Summ           ##......     7%          2    None
 Ensorcelled Hibernation  Hex/Ice        ##....       7%          2    None
 Swiftness                Chrm/Air       ##......     7%          2    None
 Spider Form              Tmut/Pois      ##........   12%         3    None
 Airstrike                Air            ##........   13%         4    None
 Call Canine Familiar     Summ           ##......     14%         3    None
 Confuse                  Hex            ##......     14%         3    None
 Gell's Gravitas          Tloc           ##........   14%         3    None
 Ozocubu's Armour         Chrm/Ice       ##......     14%         3    None
 Spectral Weapon          Hex/Chrm       ##......     14%         3    None
 Summon Guardian Golem    Hex/Summ       ##......     14%         3    None
 Tukima's Dance           Hex            ##......     14%         3    None
 Yara's Violent Unravell  Hex/Tmut       ##........   26%         5    ####...
 Ice Form                 Ice/Tmut       ##......     34%         4    None
 Summon Ice Beast         Ice/Summ       ##......     41%         4    None
 Summon Lightning Spire   Summ/Air       ##......     41%         4    None
 Blade Hands              Tmut           ###.......   63%         5    ####...
 Metabolic Englaciation   Hex/Ice        ##........   75%         5    ####...
 Orb of Destruction       Conj           ######....   4%          7    #######
 Spellforged Servitor     Conj/Summ      #####.....   47%         7    #######
 Hydra Form               Tmut           ###.......   99%         6    #####..
 Ring of Flames           Chrm/Fire      ##........   100%        7    #######


Dungeon Overview and Level Annotations

Branches:
Dungeon (15/15)            Temple (1/1) D:4            Lair (6/6) D:9
  Swamp (0/4) Lair:4       Spider (0/4) Lair:2        Slime (0/5) Lair:6
    Orc (0/2) D:9          Vaults (0/5) D:14
 Depths: D:15

Altars:
Ashenzari
Cheibriados
Dithmenos
Elyvilon
Fedhas
Gozag
Hepliaklqana
Kikubaaqudgha
Makhleb
Nemelex Xobeh
Okawaru
Qazlal
Ru
Sif Muna
Trog
Uskayaw
Vehumet
Wu Jian
Xom
Yredelemnul
Zin
The Shining One
Jiyva

Shops:
D:7 :

Annotations:
D:4 Blork the orc
D:7 2 runed translucent doors, NeAGen181's ghost, novice HOFi


Innate Abilities, Weirdness & Mutations

You have hooves in place of feet.
Armour fits poorly on your strangely shaped body.
You cover ground very quickly.
You have extremely tough skin. (AC +3)


Message History

The guardian serpent closely misses you.
The guardian serpent hits you but does no damage.
The guardian serpent hits you!
* * * LOW HITPOINT WARNING * * *
You feel much better. The guardian serpent barely misses you.
The guardian serpent hits you!
* * * LOW HITPOINT WARNING * * *
As you read the scroll of teleportation, it crumbles to dust.
You feel strangely unstable.
The guardian serpent casts a spell at you.
The bolt of poison hits you!!
You are poisoned.
* * * LOW HITPOINT WARNING * * *
The guardian serpent hits you but does no damage.
You feel better.
Your surroundings suddenly seem different.
The guardian serpent casts a spell at you.
The bolt of poison hits you!!
You are poisoned.
You die...

.###......##...............#
..#.......#...........#...##
.##......###..P........+..#
.###P#..###....#...#####..#
.###########..#########...#
.PP....P........P#.##.P...#
..........................##
.........................P.#
................@..........#
................(<.......###
...........S.............##
.............##.#....##..P#
.............###....####..##
.............# #.##...#..P.#
.............# ##.P......P.#
.............# #..........##
.............# ##...##....#


You could see a guardian serpent.

Vanquished Creatures
  Josephine (D:14)
  6 hydras
  A great orb of eyes (D:14)
  A vault guard (D:13)
  3 centaur warriors
  3 two-headed ogres
  A tengu warrior (D:13)
  Urug (D:11)
  An unseen horror (D:11)
  A deep elf mage (D:12)
  6 ugly things
  2 wolf spiders
  4 cyclopes
  3 manticores
  5 elephants
  8 black mambas
  A torpor snail (Lair:1)
  An ice statue (Lair:4)
  4 gargoyles
  4 rime drakes
  11 spiny frogs
  10 komodo dragons
  2 kobold demonologists
  A troll (D:11)
  2 polar bears (Lair:4)
  12 hippogriffs
  4 hornets
  A meliai zombie (D:14)
  16 dream sheep
  11 blink frogs
  A hippogriff (shapeshifter) (D:14)
  Sigmund (D:3)
  5 wraiths (D:14)
  A vampire (D:6)
  15 wyverns
  A redback (Lair:6)
  53 yaks
  3 basilisks
  7 vampire mosquitoes
  2 steam dragons
  3 hungry ghosts
  A warg (D:8)
  3 swamp worms (Lair:4)
  2 acid dragons
  A soldier ant (D:12)
  7 porcupines
  15 water moccasins
  3 black bears
  7 orc warriors
  2 sky beasts
  An eye of draining (D:9)
  8 ice beasts
  3 wolves (Lair:3)
  A phantom (D:11)
  5 ogres
  2 necrophages
  9 centaurs
  15 crocodiles
  2 big kobolds
  18 bullfrogs
  4 scorpions
  14 killer bees
  5 wights (D:6)
  4 electric eels
  7 howler monkeys
  6 crimson imps
  5 jellies
  A bullfrog zombie (D:8)
  2 centaur zombies
  4 hounds
  3 centaur skeletons
  4 bullfrog skeletons
  7 orc priests
  13 orc wizards
  Jessica (D:3)
  6 iguanas
  10 worker ants
  A hound zombie (D:7)
  A hound skeleton (D:4)
  2 worker ant zombies
  7 adders
  A howler monkey skeleton (D:4)
  3 shadow imps
  A white imp (Lair:4)
  3 adder skeletons
  2 worms
  2 dart slugs
  7 leopard geckos
  31 orcs
  4 giant cockroaches
  8 goblins
  11 hobgoblins
  6 jackals
  A quokka (D:6)
  A ball python (D:4)
  9 bats
  5 frilled lizards
  2 jackal skeletons
  12 kobolds
  5 rats
  A fungus (Lair:4)
  2 plants (Lair:4)
548 creatures vanquished.

Vanquished Creatures (collateral kills)
  An ice dragon (Lair:4)
1 creature vanquished.

Vanquished Creatures (others)
  An unseen horror (D:12)
  A kobold (D:11)
  5 bushes
  27 fungi
  39 plants
73 creatures vanquished.

Grand Total: 622 creatures vanquished

Notes
Turn   | Place    | Note
-------+----------+-------------------------------------------
     0 | D:1      | Htamos the Centaur Earth Elementalist began the quest for
                  | the Orb.
     0 | D:1      | Reached XP level 1. HP: 14/14 MP: 3/3
   421 | D:1      | Reached XP level 2. HP: 22/22 MP: 2/4
  1015 | D:1      | Reached skill level 1 in Fighting
  1386 | D:2      | Found a basalt altar of Yredelemnul.
  1392 | D:2      | Reached XP level 3. HP: 27/28 MP: 6/6
  1499 | D:2      | Learned a level 3 spell: Stone Arrow
  1616 | D:2      | Found an ancient bone altar of Kikubaaqudgha.
  2120 | D:3      | Reached XP level 4. HP: 36/36 MP: 1/7
  2284 | D:3      | Noticed Sigmund
  2297 | D:3      | Killed Sigmund
  2297 | D:3      | Reached XP level 5. HP: 42/42 MP: 5/10
  2297 | D:3      | Reached XP level 6. HP: 50/50 MP: 5/11
  2813 | D:3      | Noticed Jessica
  3361 | D:3      | Killed Jessica
  3735 | D:4      | Found a staircase to the Ecumenical Temple.
  3766 | Temple   | Entered the Ecumenical Temple
  3913 | Temple   | Became a worshipper of Vehumet
  4308 | D:4      | Reached XP level 7. HP: 33/57 MP: 7/13
  4833 | D:4      | Found a shattered altar of Ashenzari.
  4904 | D:4      | Reached skill level 5 in Spellcasting
  5049 | D:4      | Reached skill level 1 in Polearms
  5058 | D:4      | Found a hazy altar of Hepliaklqana.
  5059 | D:4      | Noticed Blork the orc
  5061 | D:4      | Found a deep blue altar of Sif Muna.
  5378 | D:5      | Entered Level 5 of the Dungeon
  5753 | D:5      | Reached skill level 1 in Bows
  6060 | D:5      | Reached XP level 8. HP: 22/63 MP: 5/16
  6340 | D:5      | Reached * piety under Vehumet
  6340 | D:5      | Offered knowledge of Magic Dart by Vehumet.
  6357 | D:5      | Learned a level 1 spell: Magic Dart
  6557 | D:5      | Learned a level 2 spell: Passwall
  6562 | D:5      | Learned a level 4 spell: Petrify
  6568 | D:5      | Learned a level 5 spell: Lee's Rapid Deconstruction
  6620 | D:5      | Reached skill level 1 in Conjurations
  6918 | D:6      | Reached skill level 2 in Conjurations
  7291 | D:6      | Reached skill level 3 in Conjurations
  7781 | D:6      | Reached skill level 4 in Conjurations
  8394 | D:6      | Reached skill level 5 in Conjurations
  8906 | D:6      | Found a burning altar of Makhleb.
  9039 | D:7      | Reached XP level 9. HP: 68/68 MP: 6/18
  9139 | D:7      | Reached skill level 6 in Conjurations
  9378 | D:7      | Identified the Tome of Aid and Transformation
  9559 | D:7      | Found Noiwk's Book Boutique.
  9709 | D:7      | Reached skill level 7 in Conjurations
 10081 | D:7      | Found a large runed translucent door.
 10082 | D:7      | Found a large runed translucent door.
 10085 | D:7      | Noticed NeAGen181's ghost (novice HOFi)
 11487 | D:8      | Noticed a two-headed ogre
 11492 | D:7      | HP: 2/69 [crocodile (4)]
 11939 | D:7      | Killed a two-headed ogre
 11939 | D:7      | Reached skill level 9 in Conjurations
 12677 | D:8      | Reached ** piety under Vehumet
 12677 | D:8      | Offered knowledge of Sting by Vehumet.
 12693 | D:7      | Reached XP level 10. HP: 34/77 MP: 0/19
 12978 | D:8      | HP: 3/77 [wyvern (13)]
 13452 | D:8      | Reached skill level 10 in Conjurations
 13836 | D:8      | Learned a level 1 spell: Sting
 14875 | D:9      | Noticed a manticore
 14881 | D:9      | Killed a manticore
 14881 | D:9      | Offered knowledge of Throw Flame by Vehumet.
 15205 | D:8      | Reached skill level 11 in Conjurations
 15702 | D:9      | Found a staircase to the Orcish Mines.
 16749 | D:9      | Found a staircase to the Lair.
 16963 | D:9      | Reached skill level 5 in Fighting
 17163 | D:9      | Reached *** piety under Vehumet
 17512 | D:9      | Reached XP level 11. HP: 89/89 MP: 11/20
 17715 | D:10     | Entered Level 10 of the Dungeon
 17958 | D:10     | Reached skill level 12 in Conjurations
 18062 | D:10     | Learned a level 2 spell: Throw Flame
 18500 | D:10     | Offered knowledge of Conjure Flame by Vehumet.
 20625 | D:11     | Killed an unseen horror
 21020 | D:11     | Reached **** piety under Vehumet
 21217 | D:11     | Learned a level 3 spell: Conjure Flame
 21323 | D:11     | Noticed Urug
 21682 | D:11     | Killed Urug
 21682 | D:11     | Offered knowledge of Fulminant Prism by Vehumet.
 22156 | D:11     | Reached skill level 13 in Conjurations
 22433 | D:11     | Got a crystal dagger
 22434 | D:11     | Identified the cursed +0 dagger "Oduanof" {chaos, rF+
                  | Dex+2} (You found it on level 11 of the Dungeon)
 22443 | D:12     | Noticed a four-headed hydra
 22495 | D:11     | Killed a two-headed hydra
 23284 | D:12     | Reached XP level 12. HP: 94/104 MP: 2/21
 23291 | D:12     | Learned a level 4 spell: Fulminant Prism
 24564 | D:12     | Noticed a two-headed ogre
 24587 | D:12     | Killed a two-headed ogre
 24587 | D:12     | Reached skill level 10 in Fighting
 25574 | D:13     | Got a polished hand axe
 25575 | D:13     | Identified the cursed +2 hand axe of Upheaval {venom,
                  | Str+7} (You found it on level 13 of the Dungeon)
 25584 | D:13     | Noticed a centaur warrior
 25611 | D:13     | Killed a centaur warrior
 25611 | D:13     | Reached skill level 5 in Earth Magic
 26033 | D:13     | Noticed a centaur warrior
 26039 | D:13     | Killed a centaur warrior
 26366 | D:13     | You fall through a shaft!
 27686 | D:14     | Noticed a two-headed ogre
 27694 | D:14     | Killed a two-headed ogre
 28282 | D:13     | Reached XP level 13. HP: 98/115 MP: 3/23
 29033 | D:14     | Noticed Josephine
 29042 | D:14     | Killed Josephine
 29064 | D:14     | Paralysed by a great orb of eyes for 6 turns
 31004 | D:14     | Found a gate to the Vaults.
 31028 | D:14     | Got a crude flail
 31029 | D:14     | Identified the +0 flail of Cuiv {crush, +Inv rC+} (You
                  | found it on level 14 of the Dungeon)
 31076 | D:15     | Entered Level 15 of the Dungeon
 31260 | Lair:1   | Entered Level 1 of the Lair of Beasts
 31822 | Lair:1   | Reached ***** piety under Vehumet
 32218 | Lair:1   | Found a snail-covered altar of Cheibriados.
 32732 | Lair:1   | Offered knowledge of Olgreb's Toxic Radiance by Vehumet.
 33753 | Lair:2   | Found a hole to the Spider Nest.
 35134 | Lair:3   | Got a transparent quarterstaff
 35135 | Lair:3   | Identified the +5 quarterstaff "Zut Zuo" {flame, MP+9 Str+3
                  | SInv} (You found it on level 3 of the Lair of Beasts)
 36348 | D:7      | Bought a book of Power for 675 gold pieces
 36357 | D:7      | Learned a level 6 spell: Iron Shot
 36790 | Lair:4   | Reached XP level 14. HP: 125/125 MP: 1/26
 36933 | Lair:4   | Found a staircase to the Swamp.
 37652 | Lair:4   | Got a slimy dire flail
 38582 | Lair:4   | Identified the +6 dire flail of the Open Hand {freeze,
                  | Str-2 Int+4 Dex+4} (You found it on level 4 of the Lair of
                  | Beasts)
 40830 | Lair:5   | Reached skill level 10 in Spellcasting
 41012 | Lair:5   | Learned a level 4 spell: Olgreb's Toxic Radiance
 41346 | Lair:6   | Entered Level 6 of the Lair of Beasts
 41518 | Lair:6   | Found a staircase to the Slime Pits.
 41519 | Lair:6   | Found a viscous altar of Jiyva.
 41602 | Lair:6   | Offered knowledge of Sticky Flame by Vehumet.
 43941 | Lair:6   | Killed from afar by a guardian serpent

Skill      XL: |  1  2  3  4  5  6  7  8  9 10 11 12 13 14 |
---------------+-------------------------------------------+-----
Spellcasting   | 2 3 4 5 6 7 8 11 | 11.7
Earth Magic    | 3 4 7 9 |  9.9
Fighting       | 1 2 3 5 9 10 11 | 11.8
Polearms       | 1 |  1.7
Bows           | 2 3 |  3.1
Conjurations   | 5 9 11 13 | 13.6
Dodging        | |  1.4
Stealth        | |  1.1
Transmutations | |  0.8

Action                   |  1- 3 |  4- 6 |  7- 9 | 10-12 | 13-15 || total
-------------------------+-------+-------+-------+-------+-------++-------
Melee: Unarmed           |    18 |       |       |       |       ||    18
       Kick              |     9 |     4 |    18 |     5 |    18 ||    54
       Short sword       |    18 |       |       |       |       ||    18
       Dagger            |    65 |     3 |    51 |       |       ||   119
       Scythe            |       |    49 |    46 |       |       ||    95
       Hand axe          |       |       |       |    12 |     8 ||    20
       Long sword        |       |       |       |     4 |       ||     4
       Longbow           |       |       |       |     2 |     8 ||    10
       Dire flail        |       |       |       |       |    23 ||    23
       Quarterstaff      |       |       |       |       |     5 ||     5
 Fire: Blowgun           |       |     6 |       |       |       ||     6
       Shortbow          |       |       |     6 |       |       ||     6
       Longbow           |       |       |     1 |    63 |   102 ||   166
 Cast: Sandblast         |    34 |    26 |     6 |       |       ||    66
       Stone Arrow       |       |    12 |    89 |   344 |   533 ||   978
       Magic Dart        |       |       |   180 |   492 |   225 ||   897
       Passwall          |       |       |       |     1 |       ||     1
       Petrify           |       |       |       |     1 |       ||     1
       Iron Shot         |       |       |       |       |    23 ||    23
       Lee's Rapid Decon |       |       |       |       |     4 ||     4
       Olgreb's Toxic Ra |       |       |       |       |     1 ||     1
Evoke: Wand              |       |     1 |       |    18 |     4 ||    23
  Use: Scroll            |     6 |     2 |     7 |    25 |    18 ||    58
       Potion            |       |       |     5 |     3 |    17 ||    25
 Stab: Sleeping          |       |       |     1 |       |       ||     1
  Eat: Chunk             |     3 |     6 |    14 |    35 |    35 ||    93
       Ration            |       |       |     5 |     4 |     5 ||    14
Armor: Robe              |    45 |    56 |    50 |     8 |       ||   159
       Ring mail         |       |       |       |   144 |   228 ||   372
Dodge: Dodged            |    69 |    63 |   124 |   102 |   172 ||   530
Block: Other             |       |       |     6 |    20 |    22 ||    48
       Reflection        |       |       |       |     4 |       ||     4
